 Dungeon Crawl Stone Soup version 0.22-a0-348-gd16d139 (webtiles) character file.

4787 nikopol the Thaumaturge (level 10, -3/52 HPs)
             Began as a Deep Elf Fire Elementalist on Apr 10, 2018.
             Slain by an eight-headed hydra (13 damage)
             ... on level 8 of the Dungeon.
             The game lasted 00:36:13 (10387 turns).

nikopol the Thaumaturge (DEFE)                     Turns: 10387, Time: 00:36:13

Health: -3/52      AC:  8    Str:  5    XL:     10   Next: 24%
Magic:  4/27       EV: 14    Int: 24    God:
Gold:   376        SH:  0    Dex: 15    Spells: 11/31 levels left

rFire    + . .     SeeInvis .   H - +5 mace "Huqeduc" {speed, rPois rC+}
rCold    + . .     Gourm    .   (no shield)
rNeg     + . .     Faith    .   a - +0 robe
rPois    +         Spirit   .   (no helmet)
rElec    .         Reflect  .   F - +1 cloak
rCorr    .         Harm     .   l - +0 pair of gloves
MR       +....                  j - +2 pair of boots
Stlth    +++.......             (no amulet)
HPRegen  0.17/turn              i - ring of positive energy
MPRegen  0.20/turn              B - ring of protection from fire

@: no status effects
A: no striking features
a: no special abilities


You were on level 8 of the Dungeon.
You were hungry.

You visited 2 branches of the dungeon, and saw 9 of its levels.

You collected 376 gold pieces.

Inventory:

Hand Weapons
 e - a +2 dagger of draining
 o - a +2 dagger of venom
 p - a +2 dagger of draining
 H - the +5 mace "Huqeduc" (weapon) {speed, rPois rC+}
   (You found it on level 8 of the Dungeon)

   Attacks with this weapon are significantly faster.
   It protects you from cold.
   It protects you from poison.
Armour
 a - a +0 robe (worn)
 j - a +2 pair of boots (worn)
 l - a +0 pair of gloves (worn)
 F - a +1 cloak (worn)
Jewellery
 i - a ring of positive energy (left hand)
 B - a ring of protection from fire (right hand)
Wands
 t - a wand of iceblast (8)
 w - a wand of enslavement (15)
 y - a wand of acid (9)
Scrolls
 d - 2 scrolls of remove curse
 f - 2 scrolls of teleportation
 g - a scroll of fear {unknown}
 n - 7 scrolls of identify {unknown}
 q - a scroll of noise {unknown}
 s - a scroll of enchant armour {unknown}
 u - 3 scrolls of enchant weapon {unknown}
 v - 3 scrolls of amnesia {unknown}
 x - a scroll of immolation {unknown}
 z - a scroll of blinking {unknown}
 A - a scroll of magic mapping {unknown}
 C - a scroll of summoning {unknown}
 D - a scroll of random uselessness {unknown}
Potions
 b - 2 potions of degeneration {unknown}
 h - 2 potions of invisibility {unknown}
 k - 3 potions of curing
 m - a potion of cancellation {unknown}
 r - 3 potions of lignification {unknown}
 E - 2 potions of mutation {unknown}
 I - 2 potions of flight {unknown}
Comestibles
 c - 8 rations
 G - a chunk of flesh


   Skills:
 + Level 1.0 Fighting
 + Level 3.9 Dodging
 + Level 4.5 Stealth
 + Level 11.1 Spellcasting
 + Level 9.5 Conjurations
 + Level 9.4 Fire Magic
 + Level 0.2 Air Magic
 + Level 0.4 Evocations


You had 11 spell levels left.
You knew the following spells:

 Your Spells              Type           Power        Failure   Level  Hunger
a - Flame Tongue          Conj/Fire      #####        1%          1    None
b - Throw Flame           Conj/Fire      ######       1%          2    None
c - Conjure Flame         Conj/Fire      ######..     1%          3    None
d - Sticky Flame          Conj/Fire      ######..     1%          4    None
e - Fireball              Conj/Fire      ######....   2%          5    ####...
f - Lightning Bolt        Conj/Air       #####.....   17%         5    ####...


Dungeon Overview and Level Annotations

Branches:
Dungeon (8/15)             Temple (1/1) D:4
   Lair: D:8-11

Altars:
Dithmenos
Fedhas
Gozag
Makhleb
Nemelex Xobeh
Sif Muna
Vehumet
Wu Jian
Zin
The Shining One

Annotations:
D:4 exclusion: statue


Message History

Press: ? - help, Shift-Dir - straight line, f/p - eight-headed hydra
Aim: an eight-headed hydra (moderately wounded)
The flame tongue hits the eight-headed hydra.
The eight-headed hydra is moderately wounded.
The eight-headed hydra is engulfed in blazing flames.
The eight-headed hydra bites you! x2; The eight-headed hydra bites you.
The eight-headed hydra closely misses you. x2
The eight-headed hydra bites you but does no damage.
The eight-headed hydra bites you!
* * * LOW HITPOINT WARNING * * *
The eight-headed hydra bites you but does no damage.
The eight-headed hydra is engulfed in blazing flames.
Casting: Flame Tongue (safe; 1% risk of failure)
Confirm with . or Enter, or press ? or * to list all spells.
You don't have enough magic to cast that spell.
Unknown command.
The eight-headed hydra bites you.
* * * LOW HITPOINT WARNING * * *
The eight-headed hydra bites you!
You die...

#...#.#...#.#..(#.#
#...#.#.[.#.#...#.#
#######.#####.#####'#
#...................#
#.......#####.....###
#....##.#...#...#'#
####..####.#.8.#...#.#
#.....######...#####.#
#...#...'@D.....§yo..#
########...#.##############.##
...........#.# ###########8.8#
..........##.. #[$yy$$($?##'##
...[......##.. ##+#+#+#+###O#
..........##..# #...#. ##.##
..........##... 8...8.##8y8#
..........#.. .......##.##
..........#. ....... #.#


You could see an eight-headed hydra and 2 killer bees.

Vanquished Creatures
  2 two-headed ogres (D:8)
  A soldier ant (D:7)
  Duvessa (D:5)
  2 sky beasts
  An orc warrior (D:7)
  3 ice beasts
  A necrophage (D:8)
  3 ogres
  5 centaurs
  4 bullfrogs
  Dowan (D:5)
  2 scorpions
  5 wights (D:6)
  A howler monkey (D:4)
  3 crimson imps
  Crazy Yiuf (D:6)
  A jelly (D:5)
  6 orc priests
  2 bullfrog skeletons
  3 hounds
  12 orc wizards
  2 centaur skeletons
  An iguana (D:5)
  6 worker ants
  Natasha (twice) (D:2)
  A hound skeleton (D:4)
  9 adders
  4 gnolls (D:6)
  3 shadow imps
  An adder zombie (D:5)
  5 dart slugs
  4 leopard geckos
  25 orcs
  10 bats
  8 giant cockroaches
  10 goblins
  6 hobgoblins
  8 jackals (D:3)
  3 quokkas
  2 frilled lizards (D:3)
  A jackal skeleton (D:8)
  7 kobolds
  A leopard gecko skeleton (D:7)
  A quokka zombie (D:7)
  4 rats
184 creatures vanquished.

Notes
Turn   | Place    | Note
-------+----------+-------------------------------------------
     0 | D:1      | nikopol the Deep Elf Fire Elementalist began the quest for the Orb.
     0 | D:1      | Reached XP level 1. HP: 10/10 MP: 6/6
   247 | D:1      | Reached XP level 2. HP: 15/15 MP: 0/8
   712 | D:2      | Noticed Natasha
   717 | D:2      | Killed Natasha
   717 | D:2      | Reached XP level 3. HP: 19/19 MP: 5/10
   961 | D:2      | Reached skill level 4 in Spellcasting
   970 | D:2      | Reached XP level 4. HP: 14/24 MP: 1/12
   981 | D:2      | Learned a level 2 spell: Throw Flame
   985 | D:2      | Learned a level 3 spell: Conjure Flame
   990 | D:2      | Learned a level 4 spell: Sticky Flame
  1227 | D:2      | Noticed Natasha
  1232 | D:2      | Killed Natasha
  2093 | D:3      | Reached XP level 5. HP: 28/28 MP: 10/13
  2599 | D:4      | Found a radiant altar of Vehumet.
  2600 | D:4      | Noticed a frost-covered statue
  2992 | D:4      | Reached skill level 5 in Spellcasting
  3087 | D:4      | Reached XP level 6. HP: 30/32 MP: 1/15
  3224 | D:4      | Reached skill level 5 in Fire Magic
  3572 | D:4      | Found a staircase to the Ecumenical Temple.
  3615 | D:5      | Entered Level 5 of the Dungeon
  3730 | Temple   | Entered the Ecumenical Temple
  4167 | D:5      | Reached skill level 6 in Spellcasting
  4521 | D:4      | Reached XP level 7. HP: 37/37 MP: 5/18
  5245 | D:4      | Learned a level 5 spell: Fireball
  5413 | D:5      | Reached skill level 5 in Conjurations
  5934 | D:5      | Reached skill level 7 in Spellcasting
  6151 | D:6      | Noticed Duvessa
  6151 | D:6      | Noticed Dowan
  6157 | D:5      | Killed Dowan
  6157 | D:5      | Reached XP level 8. HP: 14/42 MP: 8/20
  6160 | D:5      | HP: 2/42 [Duvessa/short sword (7)]
  6715 | D:5      | Killed Duvessa
  7090 | D:6      | Found a runed door.
  7094 | D:6      | Noticed Crazy Yiuf
  7102 | D:6      | Killed Crazy Yiuf
  7223 | D:6      | Reached skill level 8 in Spellcasting
  8367 | D:7      | Reached skill level 9 in Spellcasting
  8391 | D:7      | Reached XP level 9. HP: 46/46 MP: 2/24
  9498 | D:8      | Got a translucent mace
  9500 | D:8      | Identified the +5 mace "Huqeduc" {speed, rPois rC+} (You found it on level 8 of the Dungeon)
  9524 | D:8      | Noticed a two-headed ogre
  9528 | D:8      | Killed a two-headed ogre
  9528 | D:8      | Reached skill level 10 in Spellcasting
  9895 | D:7      | Learned a level 5 spell: Lightning Bolt
 10270 | D:8      | Reached XP level 10. HP: 51/51 MP: 21/26
 10347 | D:8      | Noticed a two-headed ogre
 10353 | D:8      | Noticed an eight-headed hydra
 10377 | D:8      | Killed a two-headed ogre
 10377 | D:8      | Reached skill level 1 in Fighting
 10377 | D:8      | Reached skill level 11 in Spellcasting
 10387 | D:8      | Slain by an eight-headed hydra

Vault maps used:
D:1:      minmay_arrival_three_doors
D:2:      uniq_natasha
D:3:      st_stairs_10, minmay_misc_feat_square
D:4:      vehumet_statue, minmay_temple_entry_from_below_a, first_ration
D:6:      uniq_crazy_yiuf_cottage, uniq_duvessa
D:8:      wad_statue_garden
Temple:   compressed_dpeg_triangle_lava_temple

Skill      XL: |  1  2  3  4  5  6  7  8  9 10 |
---------------+-------------------------------+-----
Fire Magic     | 4 5 6 7 9 |  9.4
Spellcasting   | 4 5 6 7 9 10 11 | 11.1
Dodging        | 3 |  3.9
Conjurations   | 2 3 4 5 6 9 |  9.5
Stealth        | 3 4 |  4.5
Fighting       | 1 |  1.0
Air Magic      | |  0.2
Evocations     | |  0.4

Action                   |  1- 3 |  4- 6 |  7- 9 | 10-12 || total
-------------------------+-------+-------+-------+-------++-------
Melee: Dagger            |       |    12 |       |       ||    12
       Mace              |       |       |     1 |       ||     1
 Cast: Flame Tongue      |    60 |   136 |   159 |    14 ||   369
       Throw Flame       |       |    12 |    32 |       ||    44
       Sticky Flame      |       |     7 |    28 |       ||    35
       Conjure Flame     |       |     2 |     8 |     2 ||    12
       Fireball          |       |       |    14 |     3 ||    17
       Lightning Bolt    |       |       |     1 |       ||     1
Evoke: Wand              |       |       |     1 |       ||     1
  Use: Scroll            |       |     2 |     3 |       ||     5
       Potion            |       |       |     1 |       ||     1
  Eat: Chunk             |       |    11 |    16 |       ||    27
       Ration            |       |       |     2 |       ||     2
Armor: Robe              |     7 |    22 |    17 |     2 ||    48
Dodge: Dodged            |    22 |    47 |    36 |     2 ||   107

Table legend:
 A = Spawn XP
 B = Non-spawn XP
 C = Spawn XP percentage of total XP
 D = Spawn monster count
 E = Non-spawn monster count
 F = Spawn count percentage of total count
 G = Total turns spent on level
                    A         B        C        D         E        F      G
               +---------+---------+-------+---------+---------+-------+---------
         Total |       0 |    6839 |   0.0 |       0 |     184 |   0.0 | 10387
               +---------+---------+-------+---------+---------+-------+---------
           D:1 |       0 |      31 |   0.0 |       0 |      15 |   0.0 |   677
           D:2 |       0 |     116 |   0.0 |       0 |      18 |   0.0 |   661
           D:3 |       0 |      80 |   0.0 |       0 |      32 |   0.0 |  1330
           D:4 |       0 |     479 |   0.0 |       0 |      27 |   0.0 |  2243
           D:5 |       0 |     883 |   0.0 |       0 |      21 |   0.0 |  2245
           D:6 |       0 |     884 |   0.0 |       0 |      29 |   0.0 |   951
           D:7 |       0 |    1258 |   0.0 |       0 |      22 |   0.0 |  1278
           D:8 |       0 |    3108 |   0.0 |       0 |      20 |   0.0 |   801
               +---------+---------+-------+---------+---------+-------+---------
